 Dungeon Crawl Stone Soup version 0.28.0-1-gb440e238dd (webtiles) character file.

Game seed: 18296219378317452006

578 hikkokomori the Digger (level 7, -13/39 HPs)
             Began as a Gargoyle Earth Elementalist on Feb 21, 2022.
             Mangled by an ogre (22 damage)
             ... on level 4 of the Dungeon.
             The game lasted 00:10:02 (4209 turns).

hikkokomori the Digger (GrEE)                       Turns: 4209, Time: 00:10:02

Health: -13/39     AC:  9    Str: 13    XL:     7   Next: 36%
Magic:  9/12       EV: 12    Int: 20    God:
Gold:   153        SH:  0    Dex: 17    Spells: 8/12 levels left

rFire   + . .      SeeInvis .   a - +3 short sword (speed)
rCold   . . .      Faith    .   (no shield)
rNeg    + . .      Spirit   .   b - +0 robe
rPois   ∞          Reflect  .   (no helmet)
rElec   +          Harm     .   (no cloak)
rCorr   .          Rampage  .   j - +0 pair of gloves of Zaakuut {rF+ Int+4 Dex+7}
Will    .....                   g - +1 pair of boots
Stlth   +++.......              (no amulet)
HPRegen 0.13/turn               (no ring)
MPRegen 0.13/turn               (no ring)

@: no status effects
A: sickness immunity, AC +4, negative energy resistance 1, electricity
resistance, torment resistance 1, petrification resistance
a: no special abilities


You were on level 4 of the Dungeon.
You visited 1 branch of the dungeon, and saw 4 of its levels.

You collected 153 gold pieces.

Inventory:

Hand Weapons
 a - a +3 short sword of speed (weapon)
Missiles
 c - 90 stones
Armour
 b - a +0 robe (worn)
 g - a +1 pair of boots (worn)
 h - a +0 ring mail
 j - the +0 pair of gloves of Zaakuut (worn) {rF+ Int+4 Dex+7}
   (You found it on level 3 of the Dungeon)

   Int:       It affects your intelligence (+4).
   Dex:       It affects your dexterity (+7).
   rF:        It protects you from fire.
Jewellery
 k - a ring of protection from cold
Potions
 d - a potion of brilliance
 e - a potion of mutation {unknown}
 f - a potion of haste
 i - a potion of ambrosia {unknown}
 l - a potion of attraction
 m - a potion of heal wounds {unknown}


   Skills:
 + Level 1.8 Fighting
 + Level 2.3 Dodging
 - Level 4.1 Stealth
 - Level 3.4 Spellcasting
 * Level 4.2 Conjurations
 - Level 0.8 Transmutations
 + Level 5.7 Earth Magic


You had 8 spell levels left.
You knew the following spells:

 Your Spells              Type           Power      Damage    Failure   Level
a - Sandblast             Erth           52%        2d12      1%          1
b - Stone Arrow           Conj/Erth      46%        3d9       5%          3

Your spell library contained the following spells:

 Spells                   Type           Power      Damage    Failure   Level
 Passwall                 Tmut/Erth      13%        N/A       5%          2
 Animate Skeleton         Necr           6%         N/A       14%         1
 Apportation              Tloc           6%         N/A       14%         1
 Summon Small Mammal      Summ           12%        N/A       14%         1
 Petrify                  Tmut/Erth      16%        N/A       34%         4
 Animate Armour           Summ/Erth      28%        N/A       38%         4
 Blade Hands              Tmut           3%         N/A       95%         5
 Iron Shot                Conj/Erth      11%        9d3       95%         6
 Summon Forest            Summ/Tloc      1%         N/A       98%         5
 Eringya's Noxious Bog    Tmut/Pois      2%         N/A       100%        6
 Summon Hydra             Summ           1%         N/A       100%        7


Dungeon Overview and Level Annotations

Branches:
Dungeon (4/15)
 Temple: D:4-7

Altars:
Cheibriados
Elyvilon


Innate Abilities, Weirdness & Mutations

You are immune to sickness and miasma.
Your stone body is resilient. (AC +4)
You are immune to poison.
You resist negative energy. (rN+)
You are resistant to electric shocks. (rElec)
You are resistant to unholy torment.
You are immune to petrification.


Message History

Aiming: Sandblast (safe; 1% risk of failure)
Press: ? - help, Shift-Dir - straight line, f - ogre
Aim: an ogre, wielding a +0 giant club (91% to hit)
The blast of sand hits the quokka!
You kill the quokka!
Unknown command.
Casting: Sandblast (safe; 1% risk of failure)
Confirm with . or Enter, or press ? or * to list all spells.
Aiming: Sandblast (safe; 1% risk of failure)
Press: ? - help, Shift-Dir - straight line, f/p - ogre
Aim: an ogre, wielding a +0 giant club (91% to hit)
The blast of sand misses the ogre.
Unknown command.
Casting: Sandblast (safe; 1% risk of failure)
Confirm with . or Enter, or press ? or * to list all spells.
Aiming: Sandblast (safe; 1% risk of failure)
Press: ? - help, Shift-Dir - straight line, f/p - ogre
Aim: an ogre, wielding a +0 giant club (91% to hit)
The blast of sand misses the ogre.
The ogre hits you with a +0 giant club!!
Ouch! That really hurt!
* * * LOW HITPOINT WARNING * * *
There is an open door here.
Casting: Sandblast (safe; 1% risk of failure)
Confirm with . or Enter, or press ? or * to list all spells.
Aiming: Sandblast (safe; 1% risk of failure)
Press: ? - help, Shift-Dir - straight line, f/p - ogre
Aim: an ogre, wielding a +0 giant club (91% to hit)
The blast of sand misses the ogre.
The ogre misses you.
You see here 12 arrows.
Casting: Sandblast (safe; 1% risk of failure)
Confirm with . or Enter, or press ? or * to list all spells.
Aiming: Sandblast (safe; 1% risk of failure)
Press: ? - help, Shift-Dir - straight line, f/p - ogre
Aim: an ogre, wielding a +0 giant club (91% to hit)
The blast of sand hits the ogre!
The ogre is moderately wounded.
The ogre hits you with a +0 giant club!!
Ouch! That really hurt!
You die...

#.# #.# .........#.# #.# #.# #
#.# #.#.# ..###.####.###.# #..#
###...........() ##'##
#.#...###.##.# ##...##
#.###.###.##.#### ##.....##
##.........##.##.## ##.......#
##)..##.######.#...####.........#
................@O...('.........+
##...##.######.#...####.........#
##.........##.##.## ##.......##
####.##.###.##.#### ##.....##
#.......# #.##.# ##...##
#.##.#### #.##.# #+## #.##.#
#.#... #.##.######.#.#.
#.##........#


You could see an ogre.

Vanquished Creatures
  Grinder (D:4)
  2 ogres (D:4)
  2 hounds
  An iguana (D:4)
  3 adders
  An ufetubus (D:4)
  2 worms
  3 dart slugs
  2 orcs
  7 ball pythons
  8 endoplasms
  7 giant cockroaches
  6 goblins
  4 hobgoblins
  8 jackals
  3 kobolds
  4 quokkas
  8 bats
  3 frilled lizards
  2 rats
77 creatures vanquished.

Vanquished Creatures (others)
  A plant (D:2)
1 creature vanquished.

Grand Total: 78 creatures vanquished

Notes
Turn   | Place    | Note
-------+----------+-------------------------------------------
     0 | D:1      | hikkokomori the Gargoyle Earth Elementalist began the quest
                  | for the Orb.
     0 | D:1      | Reached XP level 1. HP: 10/10 MP: 3/3
   306 | D:1      | Reached XP level 2. HP: 13/15 MP: 5/5
   740 | D:1      | Found a faded altar of an unknown god.
   749 | D:1      | Reached skill level 4 in Earth Magic
   882 | D:1      | Reached XP level 3. HP: 13/19 MP: 6/6
  1885 | D:2      | Found a snail-covered altar of Cheibriados.
  1922 | D:2      | Reached XP level 4. HP: 24/24 MP: 8/8
  2399 | D:2      | Identified a scroll of acquirement
  2399 | D:2      | Acquired a book of Iron
  2443 | D:2      | Learned a level 3 spell: Stone Arrow
  2490 | D:3      | Found a white marble altar of Elyvilon.
  2621 | D:3      | Noticed an ogre
  2670 | D:3      | Identified the +0 pair of gloves of Zaakuut {rF+ Int+4
                  | Dex+7}
  2861 | D:3      | Reached skill level 1 in Conjurations
  2861 | D:3      | Reached XP level 5. HP: 25/28 MP: 9/9
  3501 | D:4      | Reached skill level 5 in Earth Magic
  3689 | D:4      | Noticed an ogre
  3691 | D:4      | Killed an ogre
  3692 | D:4      | Reached XP level 6. HP: 32/32 MP: 7/11
  3879 | D:4      | Noticed Grinder
  3885 | D:4      | Paralysed by Grinder for 5 turns
  3891 | D:4      | Killed Grinder
  3892 | D:4      | Reached skill level 1 in Fighting
  3892 | D:4      | Reached XP level 7. HP: 35/38 MP: 6/12
  4209 | D:4      | Mangled by an ogre

Illustrated notes

Levels and vault maps discovered:
D:1:      dpeg_arrival_round_c, layout_loops_cross,
          hellmonk_ecumenical_altar_dog_temple, hangedman_feature_mirror
D:2:      layout_basic, basic_altar, serial_forest, infiniplex_forest_lined_1,
          infiniplex_forest_straight_1, infiniplex_forest_clump_diagonal,
          infiniplex_forest_clump_tiny, infiniplex_forest_clump_long,
          infiniplex_forest_straight_1, minmay_crystal_room,
          chequers_serial_rivers_small_3, minmay_worlds_worst_comb
D:3:      layout_loops_corners, mainiacjoe_overflow_cross_hatched
D:4:      layout_loops_corners, uniq_grinder

Skill      XL: |  1  2  3  4  5  6  7 |
---------------+----------------------+-----
Earth Magic    | 4 5 |  5.7
Stealth        | 3 4 |  4.1
Spellcasting   | 3 |  3.4
Conjurations   | 1 2 3 4 |  4.2
Fighting       | 1 |  1.8
Dodging        | 2 |  2.3
Transmutations | |  0.8

Action                   |  1- 3 |  4- 6 |  7- 9 || total
-------------------------+-------+-------+-------++-------
Melee: Short sword       |   111 |    91 |    11 ||   213
       Unarmed           |     2 |       |       ||     2
       Punch             |     1 |       |       ||     1
 Cast: Sandblast         |    11 |    25 |     6 ||    42
       Stone Arrow       |       |     1 |     2 ||     3
  Use: Scroll            |     2 |     9 |       ||    11
 Stab: Sleeping          |     5 |     7 |       ||    12
Armor: Robe              |    33 |    20 |     1 ||    54
Dodge: Dodged            |    69 |    37 |     6 ||   112
